 Dungeon Crawl Stone Soup version 0.27-a0-1046-g98bf31544f (webtiles) character file.

Game seed: 16535916061006808796

5 spiderkeys the Skirmisher (level 1, -3/20 HPs)
             Began as a Hill Orc Abyssal Knight on Apr 19, 2021.
             Was a Follower of Lugonu.
             Slain by a thrashing horror (15 damage)
             ... on level 1 of the Abyss.
             The game lasted 00:00:23 (143 turns).

spiderkeys the Skirmisher (Hill Orc Abyssal Knight)  Turns: 143, Time: 00:00:23

Health: -3/20      AC:  3    Str: 14    XL:     1   Next: 80%
Magic:  2/2        EV: 11    Int: 12    God:    Lugonu [*.....]
Gold:   0          SH:  0    Dex: 10    Spells: 0/0 levels left

rFire    . . .     SeeInvis .   a - +1 hand axe
rCold    . . .     Faith    .   (no shield)
rNeg     . . .     Spirit   .   b - +0 leather armour
rPois    .         Reflect  .   (no helmet)
rElec    .         Harm     .   (no cloak)
rCorr    .         Rampage  .   (no gloves)
Will     .....                  (no boots)
Stlth    +.........             (no amulet)
HPRegen  0.06/turn              (no ring)
MPRegen  0.08/turn              (no ring)

@: no status effects
A: no striking features
a: Renounce Religion, Depart the Abyss


You were on level 1 of the Abyss.
You worshipped Lugonu.
Lugonu was aware of your devotion.
You visited 0 branches of the dungeon, and saw 0 of its levels.
You visited the Abyss 1 time.


   Skills:
 + Level 3.7 Fighting
 + Level 2.8 Axes
 + Level 2.3 Armour
 + Level 0.9 Dodging
 + Level 2.6 Invocations


You couldn't memorise any spells.
You didn't know any spells.
Your spell library was empty.

Inventory:

Hand Weapons
 a - a +1 hand axe (weapon)
Armour
 b - a +0 leather armour (worn)

Dungeon Overview and Level Annotations

Branches:
Dungeon (0/15)

Altars:

.# ...## .# ....
.. ##. #ยง.. ...
#..##..# #.#
#...#..###.# .
#.............
.###...#...#
#..#
..##@X....#.ยง#
#....#x....#ยง..
#...###......#
#..#....#...#..
###...#...#..#
##...#### ##
#..#..#..##
#X##### . ##
##....#.##.##


You could see a thrashing horror and a small abomination.


Message History

๐Ÿค– Initializing magus.rc ... โœ… Successfully initialized magus.rc [v1.9.10] Welcome, spiderkeys the Hill Orc Abyssal Knight.
The bosom of this dungeon contains the transcendent artefact, the Orb of Zot.
Lugonu says: Depart the Abyss and spread corruption, my servant! (use the ability menu to exit the Abyss) Press ? for a list of commands and other information.
Found a corrupted altar of Lugonu.
Found a gateway leading out of the Abyss.
An ufetubus comes into view.
The ufetubus shouts!
The ufetubus misses you. The ufetubus closely misses you.
The ufetubus hits you. The ufetubus misses you. ๐Ÿ˜• HP[-2]
You take 2 damage, and now have 17/19 hp.
You hit the ufetubus. The ufetubus closely misses you.
The ufetubus barely misses you.
You hit the ufetubus.
You kill the ufetubus! ๐Ÿ˜• HP[+1]
You now have 20 max hp (+1). ๐Ÿ˜• HP[+1]
A small abomination comes into view. ๐Ÿ˜Ž HP[+1]
Your hp is fully restored (20).
A starcursed mass comes into view.
A starcursed mass splits.
A starcursed mass splits. x2
A starcursed mass splits.
A chorus of shrieks assaults your mind. ๐Ÿ˜ฎ HP[-8]
You take 8 damage, and now have 12/20 hp.
MASSIVE DAMAGE!! (PAUSE)
Found a gateway leading deeper into the Abyss.
A thrashing horror comes into view.
The thrashing horror roars!
There is a gateway leading deeper into the Abyss here.
The thrashing horror tramples you!
Ouch! That really hurt!
You die...

Action                   || total
-------------------------++-------
Melee: Hand axe          ||     2
Dodge: Dodged            ||     5

Levels and vault maps discovered:
Abyss:1:  base: Temple, base:
Temple

Notes
Turn   | Place    | Note
-------+----------+-------------------------------------------
     0 | Abyss:1  | spiderkeys the Hill Orc Abyssal Knight began the quest for
                  | the Orb.
     0 | Abyss:1  | Reached XP level 1. HP: 19/19 MP: 2/2
     0 | Abyss:1  | magus.rc [v1.9.10]
   104 | Abyss:1  | Noticed a small abomination
   118 | Abyss:1  | Noticed a starcursed mass
   140 | Abyss:1  | Noticed a thrashing horror
   143 | Abyss:1  | Slain by a thrashing horror

Vanquished Creatures
  An ufetubus (Abyss:1)
1 creature vanquished.

Table legend:
 A = Non-vault XP
 B = Vault XP
 C = Vault XP percentage of total XP
 D = Non-vault monster count
 E = Vault monster count
 F = Vault count percentage of total count
                 A         B        C        D         E       F
            +---------+---------+-------+---------+---------+-------
      Total |       8 |       0 |   0.0 |       1 |       0 |   0.0
            +---------+---------+-------+---------+---------+-------
    Abyss:1 |       8 |       0 |   0.0 |       1 |       0 |   0.0
            +---------+---------+-------+---------+---------+-------

Illustrated notes

Table legend:
 A = Kills in this place as a percentage of kills in entire the game.
 B = Kills by you in this place as a percentage of kills by you in the entire game.
 C = Kills by friends in this place as a percentage of kills by friends in the entire game.
 D = Other kills in this place as a percentage of other kills in the entire game.
 E = Experience gained in this place as a percentage of experience gained in the entire game.
 F = Experience gained in this place divided by the number of levels of this place that you have seen.
                   A       B       C       D       E      F
               +-------+-------+-------+-------+-------+----------------------
         Total | 100.0 | 100.0 |   N/A |   N/A | 100.0 |   8.0
         Abyss | 100.0 | 100.0 |   N/A |   N/A | 100.0 |   8.0
               +-------+-------+-------+-------+-------+----------------------

Table legend: (Time is in decaauts)
 A = Elapsed time spent in this place.
 B = Non-inter-level travel time spent in this place.
 C = Inter-level travel time spent in this place.
 D = Time resting spent in this place.
 E = Time spent auto-exploring this place.
 F = Levels seen in this place.
 G = Mean time per level.
                   A        B        C        D        E       F      G
               +--------+--------+--------+--------+--------+-----+--------+
         Total |    143 |    143 |      0 |      0 |     95 |   1 |  143.0 |
         Abyss |    143 |    143 |      0 |      0 |     95 |   1 |  143.0 |
               +--------+--------+--------+--------+--------+-----+--------+

Top non-repeatable levels by time:
 Abyss:1: 143 daAuts
